 Dungeon Crawl Stone Soup version 0.19.5 (webtiles) character file.

74 Jerry the Slasher (level 4, -9/24 HPs)
             Began as a Vine Stalker Chaos Knight on Apr 10, 2017.
             Mangled by a gnoll
             ... wielding a +0 halberd
              (12 damage)
             ... on level 2 of the Dungeon.
             The game lasted 00:01:49 (1354 turns).

Jerry the Slasher (Vine Stalker Chaos Knight)       Turns: 1354, Time: 00:01:49

Health: -9/24      AC:  6    Str: 15    XL:     4   Next: 30%
Magic:  0/5        EV: 11    Int: 12    God:    Xom [..*...]
Gold:   88         SH:  0    Dex: 14    Spells: 0 memorised, 3 levels left

rFire  . . .     SeeInvis .     a - +0 falchion (chaos)
rCold  . . .     Gourm    .     b - +2 leather armour
rNeg   . . .     Faith    .     (no shield)
rPois  .         Spirit   +     k - +0 helmet
rElec  .         Reflect  .     (no cloak)
rCorr  .         Harm     .     (no gloves)
MR     .....                    (no boots)
Stlth  +.........               (no amulet)
                                (no ring)
                                (no ring)

@: no status effects
A: fangs 2, regeneration 1, magic shield, antimagic bite, no device heal 3, rot
immunity
a: Renounce Religion


You were on level 2 of the Dungeon.
You worshipped Xom.
You were a toy of Xom.
You were not hungry.

You visited 1 branch of the dungeon, and saw 2 of its levels.

You collected 88 gold pieces.

Inventory:

Hand Weapons
 a - a +0 falchion of chaos (weapon)
Armour
 b - a +2 leather armour (worn)
 k - a +0 helmet (worn)
Scrolls
 f - 2 scrolls of remove curse {unknown}
 g - 2 scrolls of recharging {unknown}
 l - a scroll of noise {unknown}
Potions
 e - a potion of curing {unknown}
 i - a potion of degeneration {unknown}
 j - a potion of might {unknown}
Comestibles
 c - 2 bread rations
 d - a meat ration
 h - 5 chunks of flesh


   Skills:
 + Level 3.1 Fighting
 * Level 3.7 Long Blades
 + Level 2.4 Armour
 - Level 0.7 Dodging


You had 3 spell levels left.
You didn't know any spells.

Dungeon Overview and Level Annotations

Branches:
Dungeon (2/15)

Altars:


Innate Abilities, Weirdness & Mutations

You have extremely sharp teeth.
Your natural rate of healing is unusually fast.
When hurt, damage is shared between your health and your magic reserves.
Your bite disrupts and absorbs the magic of your enemies.
Potions and wands cannot restore your health.
You are immune to rotting.


Message History

The gnoll barely misses you. The gnoll hits you but does no damage.
You hit the gnoll. You freeze the gnoll. You bite the gnoll.
You drain its power.
You kill the gnoll!
The gnoll closely misses you. The gnoll hits you with a halberd.
* * * LOW HITPOINT WARNING * * *
Things that are here:
a spear; a gnoll corpse You completely miss the gnoll.
You bite the gnoll, but do no damage. The gnoll hits you with a halberd!
* * * LOW HITPOINT WARNING * * *
You hit the gnoll.
The gnoll seems to speed up.
Xom thinks this is hilarious!
You bite the gnoll. You drain its power.
You feel invigorated.
The gnoll is moderately wounded.
The gnoll hits you with a halberd!
Ouch! That really hurt!
You die...
Xom howls with laughter!

'.........+
#.........#
...
##.......##
..#
##.<...##
#.# ##...##
#.# ##'##
#.# #.# #.#
#.# #g#
##.## #@#
####...#####
#)#
...........#
#.#
##.#...###.#
#)# #.##.##
#.#####.# #
###
#.......#
#########


You could see a gnoll.

Vanquished Creatures
  3 gnolls (D:2)
  2 oozes (D:1)
  2 leopard geckos (D:1)
  4 giant cockroaches (D:1)
  5 goblins (D:1)
  3 hobgoblins
  A jackal (D:1)
  5 kobolds (D:1)
  4 bats (D:1)
  5 frilled lizards (D:1)
  2 rats (D:1)
36 creatures vanquished.

Notes
Turn   | Place    | Note
-------+----------+-------------------------------------------
     0 | D:1      | Jerry the Vine Stalker Chaos Knight began the quest for the Orb.
     0 | D:1      | Reached XP level 1. HP: 11/11 MP: 2/2
   225 | D:1      | XOM: divination: detect items
   417 | D:1      | XOM: harmless Necr miscast
   465 | D:1      | Reached XP level 2. HP: 4/16 MP: 3/3
   799 | D:1      | Reached XP level 3. HP: 19/19 MP: 4/4
  1275 | D:1      | XOM: silly message
  1346 | D:2      | Gained mutation: Your natural rate of healing is unusually fast. [Vine Stalker growth]
  1346 | D:2      | Reached XP level 4. HP: 16/24 MP: 5/5
  1354 | D:2      | Mangled by a gnoll

Skill      XL: |  1  2  3 |
---------------+----------+-----
Long Blades    | 3 |  3.7
Armour         | 2 |  2.4
Fighting       | 3 |  3.1
Dodging        | |  0.7

Action                   |  1- 3 |  4- 6 || total
-------------------------+-------+-------++-------
Melee: Falchion          |    84 |     6 ||    90
       Bite              |    16 |     5 ||    21
 Stab: Paralysed         |     4 |       ||     4
  Eat: Chunk             |     1 |       ||     1
Armor: Leather armour    |    37 |     2 ||    39
Dodge: Dodged            |    43 |     5 ||    48
       Rpst.: Falchion   |     9 |       ||     9
